 Dungeon Crawl Stone Soup version 0.25-a0-589-g1e14c549ee (webtiles) character file.

Game seed: 10198191555091735352, levelgen mode: deterministic

116 MisterFreud the Skirmisher (level 4, 0/22 HPs)
             Began as a Felid Ice Elementalist on Mar 9, 2020.
             Slain by an orc
             ... wielding a +0 flail
              (1 damage)
             ... on level 3 of the Dungeon.
             The game lasted 00:09:54 (3325 turns).

MisterFreud the Skirmisher (Felid Ice Elementalist) Turns: 3325, Time: 00:09:55

Health: 0/22       AC:  1    Str:  5    XL:     4   Next: 70%
Magic:  17/17      EV: 20    Int: 16    God:
Gold:   129        SH:  0    Dex: 21    Spells: 3/7 levels left
                                        Lives:  0   Deaths: 1

rFire    . . .     SeeInvis +     - Unarmed
rCold    . . .     Gourm    .   (shield unavailable)
rNeg     . . .     Faith    .   (armour unavailable)
rPois    .         Spirit   .   (helmet unavailable)
rElec    .         Reflect  .   (cloak unavailable)
rCorr    .         Harm     .   (gloves unavailable)
MR       .....                  (boots unavailable)
Stlth    +++.......             (no amulet)
HPRegen  0.07/turn              f - +4 ring of dexterity
MPRegen  0.15/turn              l - ring of magical power

@: quick
A: very small, no armour, no weapons or thrown items, stealth, claws 1, fangs 3,
see invisible, carnivore, speed 1, shaggy fur 1, slow metabolism 1, sharp paws
a: no special abilities


You were on level 3 of the Dungeon.
You were not hungry.

You visited 1 branch of the dungeon, and saw 4 of its levels.

You collected 129 gold pieces.

Inventory:

Jewellery
 f - a +4 ring of dexterity (left paw)
 l - a ring of magical power (right paw)
Scrolls
 a - 2 scrolls of teleportation {unknown}
 i - a scroll of random uselessness {unknown}
 j - 2 scrolls of identify {unknown}
 k - a scroll of blinking {unknown}
 m - a scroll of remove curse {unknown}
 o - a scroll of enchant weapon {unknown}
 p - a scroll of fog {unknown}
Potions
 c - 2 potions of curing {unknown}
 d - a potion of might {unknown}
 e - a potion of cancellation {unknown}
 g - 2 potions of brilliance {unknown}
 h - a potion of flight {unknown}
 n - a potion of degeneration {unknown}
Comestibles
 b - 11 rations


   Skills:
 - Level 4.2 Fighting
 + Level 4.2 Dodging
 + Level 2.6 Stealth
 + Level 2.2 Unarmed Combat
 - Level 2.0 Spellcasting
 - Level 3.6 Ice Magic


You had 3 spell levels left.
You knew the following spells:

 Your Spells              Type           Power        Failure   Level  Hunger
a - Freeze                Ice            ##..         4%          1    #......
b - Frozen Ramparts       Ice            ##....       14%         3    ###....

Your spell library contained the following spells:

 Spells                   Type           Power        Failure   Level  Hunger
 Ozocubu's Armour         Chrm/Ice       #.......     30%         3    ###....
 Hailstorm                Conj/Ice       #.......     69%         4    #####..
 Summon Ice Beast         Ice/Summ       #.......     69%         4    #####..


Dungeon Overview and Level Annotations

Branches:
Dungeon (4/15)
 Temple: D:4-7

Altars:
Ru
Wu Jian
Xom

Annotations:
D:3 Sigmund


Innate Abilities, Weirdness & Mutations

You cannot wear armour.
You are incapable of wielding weapons or throwing items.
Your paws allow you to move quietly. (Stealth)
You have sharp claws.
You have razor-sharp teeth.
You have supernaturally acute eyesight. (SInv)
You are carnivorous and can eat meat at any time.
You cover ground quickly.
You are covered in fur. (AC +1)
You have a slow metabolism.
Your sharp claws are effective at attacking unaware monsters.


Message History

You completely miss the orc wizard. The bat completely misses you.
The orc misses you.
The orc wizard gestures at you while chanting.
The magic dart hits you!
You closely miss the orc wizard. Your bite misses the orc wizard.
The bat hits you but does no damage. The bat misses you.
The orc wizard closely misses you. The orc hits you with a +0 flail.
Unknown command.
You are too injured to fight recklessly!
You are too injured to fight recklessly!
You are too injured to fight recklessly!
You scratch the orc wizard but do no damage.
The bat completely misses you.
The orc wizard hits you with a +0 dagger.
The orc hits you with a +0 flail!
* * * LOW HITPOINT WARNING * * *
You barely miss the orc wizard. The bat misses you.
The orc wizard gestures wildly while chanting.
The orc wizard blinks!
The orc hits you with a +0 flail.
You die...

######################
#.....................
#.####################
#....#.. #..#.#.#
#..#.#.#####.
#..#........>
#..#.@o......
#..#.#o####..
...#b..o. ..##......#
#......# #......# #.
..o.# #. ....#


You could see an orc wizard, 3 orcs and a bat.

Vanquished Creatures
  A howler monkey (D:3)
  Jessica (D:3)
  Natasha (twice) (D:3)
  3 gnolls (D:3)
  4 adders
  An ooze (D:2)
  A worm (D:2)
  A dart slug (D:2)
  2 leopard geckos
  2 giant cockroaches
  3 goblins
  6 hobgoblins
  2 jackals (D:3)
  7 kobolds
  A ball python (D:1)
  5 bats
  6 rats
48 creatures vanquished.

Notes
Turn   | Place    | Note
-------+----------+-------------------------------------------
     0 | D:1      | MisterFreud the Felid Ice Elementalist began the quest for
                  | the Orb.
     0 | D:1      | Reached XP level 1. HP: 7/7 MP: 4/4
   275 | D:1      | Reached skill level 1 in Fighting
   500 | D:1      | Reached XP level 2. HP: 13/13 MP: 4/6
   968 | D:1      | You fall into a shaft and drop 1 floor!
  1253 | D:1      | Reached XP level 3. HP: 16/16 MP: 4/7
  1258 | D:1      | Learned a level 3 spell: Frozen Ramparts
  1586 | D:2      | Found a sacrificial altar of Ru.
  2073 | D:3      | Noticed a centaur
  2187 | D:3      | Reached XP level 4. HP: 22/22 MP: 4/8
  2304 | D:3      | Found an ornate altar of the Wu Jian Council.
  2307 | D:3      | Noticed Jessica
  2327 | D:3      | Killed Jessica
  2332 | D:3      | Noticed Sigmund
  2379 | D:3      | HP: 1/22 [centaur/arrow (6)]
  2774 | D:3      | Noticed Natasha
  2782 | D:3      | Killed Natasha
  2842 | D:3      | Noticed Natasha
  2879 | D:3      | Killed Natasha
  2879 | D:3      | Reached skill level 1 in Unarmed Combat
  2879 | D:3      | Reached XP level 5. HP: 23/25 MP: 9/9
  3069 | D:3      | Found a shimmering altar of Xom.
  3258 | D:3      | Shot with an arrow by a centaur
  3259 | D:3      | Reached XP level 4. HP: -3/22 MP: 14/17
  3324 | D:3      | HP: 1/22 [orc/+0 flail (9)]
  3325 | D:3      | Slain by an orc

Levels and vault maps discovered:
D:1:      dpeg_arrival_lava_temple_mockup, layout_loops_corners
D:2:      layout_rooms, nicolae_ru_sacrificial_ziggurat, first_ration
D:3:      layout_basic, old_standard_altar, xom_teletrap_fun,
          hangedman_glass_teeth, uniq_sigmund, uniq_natasha, uniq_jessica
D:4:      layout_loops_cross

Skill      XL: |  1  2  3  4  5 |
---------------+----------------+-----
Fighting       | 1 2 3 4 |  4.2
Dodging        | 3 4 |  4.2
Unarmed Combat | 1 2 |  2.2
Stealth        | |  2.6
Spellcasting   | |  2.0
Ice Magic      | |  3.6

Action                   |  1- 3 |  4- 6 || total
-------------------------+-------+-------++-------
Melee: Unarmed           |    19 |    18 ||    37
       Bite              |     2 |     1 ||     3
 Cast: Freeze            |    42 |    11 ||    53
       Frozen Ramparts   |     3 |    14 ||    17
 Stab: Sleeping          |     6 |       ||     6
       Distracted        |       |     1 ||     1
  Eat: Chunk             |     9 |     4 ||    13
Armor: Skin              |     4 |     5 ||     9
Dodge: Dodged            |    35 |    73 ||   108

Table legend:
 A = Non-vault XP
 B = Vault XP
 C = Vault XP percentage of total XP
 D = Non-vault monster count
 E = Vault monster count
 F = Vault count percentage of total count
                 A         B        C        D         E       F
            +---------+---------+-------+---------+---------+-------
      Total |     255 |      72 |  22.0 |      46 |       2 |   4.2
            +---------+---------+-------+---------+---------+-------
        D:1 |      28 |       0 |   0.0 |      18 |       0 |   0.0
        D:2 |      47 |       0 |   0.0 |       8 |       0 |   0.0
        D:3 |     180 |      72 |  28.6 |      20 |       2 |   9.1
            +---------+---------+-------+---------+---------+-------
